Map: Agria Valley

Players

Player 2

  • Race: Zerg Zerg
  • Spawn Location: 11:00

NamroodTuo - Winner!

  • Race: Terran Terran

VOD

Have the link to the VOD?

Description

Time

  • Played on: Jan. 19, 2023, 2:23 p.m.
  • Length: 10:48
Show
View Real Time Build Order
Export as new Build Order

Player 2 Zerg 

Build Orders: Hatch First 

Get SALT Encoding   

  12  0:01  Drone  
  12  0:03  Unknown  
  13  0:12  Overlord  
  13  0:18  Drone  
  14  0:30  Drone  
  14  0:32  Drone  
  14  0:33  Drone  
  17  0:56  Hatchery  
  17  0:57  Drone  
  17  1:00  Unknown  
  17  1:13  Drone, Spawning Pool  
  17  1:17  Drone  
  18  1:19  Extractor  
  18  1:22  Drone  
  18  1:29  Overlord  
  18  1:36  Drone  
  19  1:50  Queen, Zergling x2  
  20  1:56  Zergling x2  
  21  2:08  Roach Warren  
  22  2:09  Drone  
  22  2:11  Extractor  
  22  2:14  Drone  
  23  2:27  Drone  
  24  2:37  Roach  
  24  2:39  Roach  
  24  2:42  Overlord  
  24  2:43  Roach  
  30  2:48  Roach  
  32  2:54  Drone  
  32  2:57  Drone  
  34  3:01  Drone  
  34  3:02  Lair  
  35  3:20  Extractor  
  35  3:23  Extractor, Drone  
  34  3:27  Drone  
  34  3:31  Drone  
  36  3:37  Overlord  
  36  3:42  Drone  
  36  3:45  Drone  
  38  3:48  Drone  
  38  3:52  Drone  
  40  3:59  Evolution Chamber  
  40  4:00  Drone, Hydralisk Den  
  39  4:04  Drone  
  40  4:12  Evolution Chamber  
  40  4:13  Roach  
  40  4:17  Drone  
  42  4:26  Roach  
  42  4:27  Overlord  
  44  4:36  Hydralisk  
  46  4:45  Drone  
  46  4:49  Hydralisk, Drone  
  46  4:51  Drone  
  51  4:55  Drone  
  51  4:56  Queen  
  52  5:01  Overlord  
  52  5:02  Hydralisk  
  48  5:18  Roach  
  48  5:21  Drone  
  51  5:23  Drone  
  51  5:26  Drone  
  53  5:28  Drone  
  53  5:30  Roach  
  53  5:31  Drone  
  53  5:34  Drone  
  58  5:36  Drone  
  58  5:39  Drone  
  58  5:41  Drone  
  61  5:46  Overlord  
  61  5:49  Drone  
  62  5:51  Drone  
  62  5:53  Drone  
  62  5:55  Drone  
  65  5:57  Drone  
  65  5:59  Drone  
  67  6:04  Drone, Overlord  
  67  6:06  Drone  
  67  6:08  Drone  
  67  6:10  Drone  
  71  6:12  Drone  
  71  6:15  Hydralisk  
  71  6:16  Drone  
  57  6:23  Overlord  
  36  6:46  Spawning Pool  
  35  6:52  Queen  
  33  6:58  Overlord  
  33  7:09  Zergling x2  
  34  7:17  Lair  
  34  7:24  Roach Warren  
  33  7:49  Overlord  
  33  7:54  Roach  
  33  7:55  Evolution Chamber  
  33  7:57  Drone  
  31  8:00  Queen  
  27  8:07  Roach  
  28  8:15  Evolution Chamber  
  23  8:20  Roach, Drone  
  23  8:25  Drone  
  24  8:28  Queen  
  24  8:30  Hydralisk Den  
  24  8:32  Drone  
  24  8:33  Roach  
  18  8:37  Drone  
  16  8:42  Drone  
  16  8:44  Drone  
  16  8:46  Roach  
  8  8:57  Overlord  
  8  9:01  Drone  
Show
View Real Time Build Order
Export as new Build Order

NamroodTuo Terran - Winner!

Build Orders:  

Get SALT Encoding   

  12  0:00  Unknown x2  
  12  0:03  Unknown  
  12  0:04  Unknown  
  13  0:07  Unknown  
  13  0:08  Unknown  
  13  0:12  Unknown  
  13  0:17  Unknown  
  14  0:21  Unknown x2  
  14  0:25  Unknown  
  14  0:27  Unknown  
  15  0:30  Unknown  
  15  0:34  Unknown x2  
  15  0:38  Unknown  
  15  0:42  Unknown  
  15  0:47  Unknown  
  16  0:51  Unknown  
  16  0:54  Unknown  
  16  0:55  Unknown  
  16  1:00  Unknown x2  
  17  1:04  Unknown  
  17  1:05  Unknown  
  17  1:08  Unknown  
  18  1:11  Unknown  
  18  1:12  Unknown  
  18  1:17  Unknown x2  
  20  1:21  Unknown  
  20  1:22  Unknown x3  
  21  1:25  Unknown  
  21  1:28  Unknown  
  21  1:30  Unknown  
  22  1:34  Unknown x2  
  22  1:38  Unknown  
  22  1:39  Unknown x2  
  24  1:40  Unknown  
  24  1:42  Unknown  
  24  1:45  Unknown  
  25  1:47  Unknown  
  25  1:51  Unknown x2  
  25  1:55  Unknown  
  25  2:00  Unknown  
  25  2:01  Unknown x2  
  25  2:04  Unknown  
  25  2:08  Unknown  
  25  2:09  Unknown  
  25  2:10  Unknown  
  25  2:12  Unknown  
  25  2:17  Unknown  
  25  2:21  Unknown  
  25  2:25  Unknown  
  25  2:30  Unknown  
  25  2:34  Unknown  
  26  2:37  Unknown  
  26  2:38  Unknown  
  26  2:42  Unknown  
  26  2:43  Unknown  
  28  2:47  Unknown  
  28  2:48  Unknown  
  28  2:49  Unknown  
  29  2:51  Unknown  
  29  2:55  Unknown x2  
  30  3:00  Unknown x2  
  30  3:04  Unknown  
  31  3:06  Unknown  
  31  3:08  Unknown  
  31  3:12  Unknown x2  
  33  3:17  Unknown x2  
  34  3:21  Unknown  
  34  3:23  Unknown  
  34  3:25  Unknown  
  35  3:28  Unknown  
  35  3:29  Unknown  
  35  3:30  Unknown  
  36  3:34  Unknown x2  
  36  3:38  Unknown  
  36  3:40  Unknown  
  38  3:42  Unknown  
  38  3:46  Unknown  
  38  3:47  Unknown  
  39  3:51  Unknown x2  
  40  3:55  Unknown  
  40  3:57  Unknown  
  40  4:00  Unknown  
  41  4:03  Unknown  
  41  4:04  Unknown  
  41  4:08  Unknown  
  42  4:10  Unknown  
  42  4:12  Unknown  
  42  4:14  Unknown  
  42  4:16  Unknown  
  44  4:17  Unknown  
  44  4:21  Unknown x2  
  45  4:25  Unknown  
  45  4:27  Unknown  
  45  4:30  Unknown  
  46  4:33  Unknown  
  46  4:34  Unknown  
  47  4:38  Unknown x2  
  47  4:42  Unknown  
  47  4:44  Unknown  
  49  4:47  Unknown  
  49  4:48  Unknown  
  49  4:50  Unknown  
  49  4:51  Unknown  
  49  4:55  Unknown  
  49  5:00  Unknown  
  49  5:04  Unknown  
  43  5:08  Unknown  
  43  5:12  Unknown  
  36  5:17  Unknown  
  36  5:21  Unknown  
  36  5:23  Unknown  
  36  5:25  Unknown  
  36  5:30  Unknown x2  
  36  5:34  Unknown  
  37  5:37  Unknown  
  37  5:38  Unknown  
  38  5:42  Unknown  
  38  5:43  Unknown  
  38  5:47  Unknown  
  38  5:48  Unknown  
  40  5:51  Unknown  
  40  5:54  Unknown  
  40  5:55  Unknown  
  41  5:57  Unknown  
  41  6:00  Unknown x2  
  42  6:04  Unknown  
  42  6:05  Unknown  
  42  6:08  Unknown  
  42  6:10  Unknown x2  
  49  6:11  Unknown  
  49  6:12  Unknown x7  
  49  6:13  Unknown x24  
  49  6:14  Unknown x17  
  49  6:17  Unknown x2  
  50  6:21  Unknown  
  50  6:25  Unknown  
  50  6:30  Unknown  
  50  6:34  Unknown  
  50  6:35  Unknown  
  50  6:38  Unknown  
  50  6:42  Unknown  
  50  6:47  Unknown  
  50  6:51  Unknown  
  50  6:55  Unknown  
  50  7:00  Unknown  
  50  7:04  Unknown  
  50  7:08  Unknown  
  50  7:10  Unknown  
  50  7:12  Unknown  
  50  7:16  Unknown  
  50  7:17  Unknown  
  50  7:21  Unknown  
  50  7:25  Unknown  
  50  7:30  Unknown  
  50  7:34  Unknown  
  50  7:38  Unknown  
  50  7:42  Unknown  
  50  7:47  Unknown  
  50  7:51  Unknown  
  50  7:55  Unknown  
  50  7:56  Unknown x2  
  50  7:58  Unknown x6  
  56  8:00  Unknown  
  56  8:04  Unknown  
  56  8:08  Unknown  
  56  8:12  Unknown  
  56  8:17  Unknown  
  56  8:21  Unknown  
  56  8:25  Unknown  
  56  8:29  Unknown  
  56  8:30  Unknown  
  56  8:34  Unknown  
  56  8:38  Unknown  
  56  8:42  Unknown  
  56  8:44  Unknown  
  56  8:45  Unknown  
  56  8:47  Unknown  
  56  8:48  Unknown  
  56  8:51  Unknown  
  56  8:55  Unknown  
  56  9:00  Unknown  
  56  9:04  Unknown  
  56  9:08  Unknown  
  56  9:11  Unknown  
  56  9:12  Unknown  
  56  9:17  Unknown  
  56  9:21  Unknown  
  56  9:25  Unknown  
  56  9:30  Unknown  
  56  9:34  Unknown  
  56  9:38  Unknown  
  56  9:42  Unknown  
  56  9:47  Unknown  
  56  9:49  Unknown x2  
  56  9:51  Unknown x7  
  62  9:55  Unknown  
  62  10:00  Unknown  
  62  10:04  Unknown  
  62  10:08  Unknown  
  62  10:12  Unknown  
  62  10:17  Unknown  
  62  10:21  Unknown  
  62  10:25  Unknown  
  62  10:30  Unknown  
  62  10:34  Unknown  
  62  10:38  Unknown  
  62  10:42  Unknown  
  62  10:47  Unknown  
Tags
 
Matchup
TvZ
Replay Pack
Multiplayer
Add a new tag
Caveats
  • Supply blocks, unpowered buildings, or Contaminate may cause inaccurate times.
  • Supply counts are checked every 10 seconds.